 Dungeon Crawl Stone Soup version 0.16-a0-119-gc74d62a (webtiles) character file.

1164 Ololoev the Basher (level 8, -3/74 HPs)
             Began as an Ogre Hunter on Aug 12, 2014.
             Was an Initiate of Okawaru.
             Slain by an orc wizard
             ... wielding a +0 dagger
              (5 damage)
             ... on Level 6 of the Dungeon.
             The game lasted 00:18:53 (7216 turns).

Ololoev the Basher (Ogre Hunter)                    Turns: 7216, Time: 00:18:53

HP  -3/74        AC  3     Str 20      XL: 8   Next: 40%
MP  14/14        EV 10     Int 10      God: Okawaru [......]
Gold 55          SH  0     Dex 10      Spells:  0 memorised,  7 levels left

rFire  . . .     SeeInvis .     t - +0 flail
rCold  . . .     Clarity  .     d - +0 animal skin
rNeg   . . .     rCorr    .     (shield restricted)
rPois  +         rRot     .     (helmet restricted)
rElec  .         Spirit   .     (no cloak)
SustAb .         Warding  .     (gloves unavailable)
rMut   .         Stasis   .     (boots unavailable)
Gourm  .                        (no amulet)
MR     .....                    (no ring)
                                a - ring of poison resistance

@: confused, not resistant to hostile enchantments, very unstealthy
A: unfitting armour, tough skin 1
a: Renounce Religion


You were on level 6 of the Dungeon.
You worshipped Okawaru.
Okawaru was noncommittal.
You were not hungry.

You visited 2 branches of the dungeon, and saw 7 of its levels.

You collected 286 gold pieces.
You spent 231 gold pieces at shops.

Inventory:

Hand weapons
 t - a +0 flail (weapon)
Missiles
 b - 5 large rocks (quivered)
 c - 3 throwing nets
Armour
 d - a +0 animal skin (worn)
Magical devices
 m - a wand of fire (5)
Comestibles
 f - 4 meat rations
 n - 2 bread rations
 C - a chunk of goblin flesh
Scrolls
 e - a scroll of random uselessness {unknown}
 g - 2 scrolls of magic mapping
 h - 3 scrolls of teleportation
 i - 2 scrolls of enchant weapon {unknown}
 k - 4 scrolls of amnesia {unknown}
 p - a scroll of enchant armour {unknown}
 r - a scroll of immolation {unknown}
 v - a scroll of recharging {unknown}
 x - a scroll of identify
 y - a scroll of noise {unknown}
 z - a scroll of remove curse
Jewellery
 a - a ring of poison resistance (left hand)
Potions
 j - 2 potions of resistance
 l - a potion of magic
 o - a potion of restore abilities
 q - a potion of invisibility {unknown}
 s - 2 potions of heal wounds
 w - 4 potions of might
 A - 2 potions of agility {unknown}
 B - a potion of curing
Rods
 u - a -2 rod of the swarm (14/14)
   (You took it off a gnoll on level 6 of the Dungeon)


   Skills:
 - Level 2.6 Fighting
 * Level 8.4 Maces & Flails
 + Level 6.6 Throwing
 - Level 1.7 Dodging
 - Level 0.7 Stealth
 * Level 5.0 Evocations


You had 7 spell levels left.
You didn't know any spells.

Dungeon Overview and Level Annotations

Branches:
Dungeon (6/15)             Temple (1/1) D:6

Altars:
Ashenzari
Cheibriados
Dithmenos
Elyvilon
Fedhas
Gozag
Kikubaaqudgha
Makhleb
Nemelex Xobeh
Okawaru
Qazlal
Sif Muna
Trog
Vehumet
Xom
Yredelemnul
Zin
The Shining One

Shops:
D:4 *   D:5 !}


Innate Abilities, Weirdness & Mutations

You are too large for most types of armour.
You have tough skin (AC +1).


Message History

You closely miss something. Something hits you.
You hit something but do no damage.
You hear some strange, mumbled words.
The puff of flame hits you!
* * * LOW HITPOINT WARNING * * *
You closely miss something. Something hits you.
* * * LOW HITPOINT WARNING * * *
You closely miss something.
You hear some strange, mumbled words.
You are confused.
You closely miss something.
You hear some strange, mumbled words.
A puff of flame appears from out of thin air!
The puff of flame hits you!
* * * LOW HITPOINT WARNING * * *
You barely miss something. Something hits you.
* * * LOW HITPOINT WARNING * * *
You closely miss something. Something hits you but does no damage.
Something hits you.
You die...

***
##################***********,*
..........)...).@#,,,,,,,,,,,,*
################.#,**********,*
#)#,* *,* #.#,* *,* #.#,* ***
*,* #)#,* *,,,,,*
##########.#,******,*****
#....:.....#<,,,,,,,*
######.##########,*** *,,**


There were no monsters in sight!

Vanquished Creatures
  Eustachio (D:4)
  Menkaure (D:4)
  An orc warrior (D:6)
  A centaur (D:6)
  3 ogres (D:4)
  A killer bee (D:6)
  A crimson imp (D:4)
  5 worker ants
  3 orc wizards (D:4)
  6 gnolls
  3 adders
  A green rat (D:4)
  2 worms
  3 oozes
  12 orcs
  3 giant cockroaches
  16 hobgoblins
  3 jackals (D:2)
  A ball python (D:1)
  16 bats
  3 giant geckos
  4 giant newts
  A giant newt skeleton (D:4)
  11 goblins
  14 kobolds
  A kobold skeleton (D:5)
  2 quokkas
  A quokka skeleton (D:4)
  10 rats
130 creatures vanquished.

Vanquished Creatures (collateral kills)
  A water moccasin (D:6)
1 creature vanquished.

Grand Total: 131 creatures vanquished

Notes
Turn   | Place    | Note
--------------------------------------------------------------
     0 | D:1      | Ololoev, the Ogre Hunter, began the quest for the Orb.
     0 | D:1      | Reached XP level 1. HP: 22/22 MP: 1/1
    85 | D:1      | Reached XP level 2. HP: 6/29 MP: 2/2
  1061 | D:1      | Reached XP level 3. HP: 27/36 MP: 3/3
  1520 | D:1      | Reached skill level 5 in Throwing
  2162 | D:2      | Reached XP level 4. HP: 26/44 MP: 4/4
  3349 | D:3      | HP: 2/44 [poisoned by a worker ant]
  3357 | D:3      | HP: 2/44 [poisoned by a worker ant]
  3736 | D:4      | Reached skill level 1 in Evocations
  3736 | D:4      | Reached XP level 5. HP: 31/50 MP: 5/5
  3921 | D:4      | Reached skill level 5 in Maces & Flails
  4128 | D:4      | Reached XP level 6. HP: 59/59 MP: 8/8
  4162 | D:4      | Noticed an ogre
  4169 | D:4      | Killed an ogre
  4276 | D:4      | Noticed Eustachio
  4295 | D:4      | Killed Eustachio
  4295 | D:4      | Reached skill level 6 in Maces & Flails
  4295 | D:4      | Reached XP level 7. HP: 46/66 MP: 8/10
  4397 | D:4      | Found Prewnaim's General Store.
  4470 | D:4      | Bought a scroll of teleportation for 42 gold pieces
  4470 | D:4      | Bought a potion of might for 35 gold pieces
  4470 | D:4      | Bought a potion of heal wounds for 42 gold pieces
  4470 | D:4      | Bought a scroll of remove curse for 42 gold pieces
  4719 | D:4      | Noticed Menkaure
  4728 | D:4      | Killed Menkaure
  4951 | D:4      | Reached skill level 7 in Maces & Flails
  5101 | D:4      | Noticed an ogre
  5106 | D:4      | Killed an ogre
  5361 | D:4      | Noticed an ogre
  5372 | D:4      | Killed an ogre
  6020 | D:4      | Reached XP level 8. HP: 72/74 MP: 11/13
  6058 | D:5      | Entered Level 5 of the Dungeon
  6258 | D:5      | Found Hair's Distillery.
  6261 | D:5      | Bought a potion of poison for 14 gold pieces
  6261 | D:5      | Bought a potion of curing for 28 gold pieces
  6261 | D:5      | Bought a potion of degeneration for 28 gold pieces
  6405 | D:5      | Found Kuadwoh's Gadget Shoppe.
  6604 | D:6      | Identified a -2 rod of the swarm (9/14) (You took it off a gnoll on level 6 of the Dungeon)
  6632 | D:6      | Reached skill level 8 in Maces & Flails
  6791 | D:6      | Found a staircase to the Ecumenical Temple.
  6803 | Temple   | Entered the Ecumenical Temple
  6876 | Temple   | Became a worshipper of Warmaster Okawaru
  7189 | D:6      | Reached skill level 5 in Evocations
  7214 | D:6      | HP: 1/74 [something (4)]
  7216 | D:6      | Slain by an orc wizard

Action                   |  1- 3 |  4- 6 |  7- 9 || total
-------------------------+-------+-------+-------++-------
Melee: Club              |    32 |       |       ||    32
       Mace              |   138 |    39 |       ||   177
       Flail             |       |    72 |   198 ||   270
Throw: Large rock        |     3 |       |       ||     3
Evoke: Wand              |       |    11 |     8 ||    19
       Rod               |       |       |     1 ||     1
  Use: Scroll            |       |       |     8 ||     8
 Stab: Sleeping          |     1 |       |       ||     1
       Distracted        |       |       |     1 ||     1
  Eat: Chunk             |     3 |     8 |     8 ||    19
       Beef jerky        |       |       |     1 ||     1
